 Dungeon Crawl Stone Soup version 0.19.0-19-g8c6edcc (webtiles) character file.

178 Yakui the Sneak (level 5, -4/40 HPs)
             Began as a Naga Enchanter on Nov 14, 2016.
             Was a Follower of Hepliaklqana.
             Killed from afar by an orc wizard (6 damage)
             ... with a puff of flame
             ... on level 4 of the Dungeon.
             The game lasted 00:09:56 (3875 turns).

Yakui the Sneak (Naga Enchanter)                    Turns: 3875, Time: 00:09:57

Health: -4/40      AC:  5    Str: 10    XL:     5   Next: 58%
Magic:  8/9        EV: 10    Int: 20    God:    Hepliaklqana [*.....]
Gold:   292        SH:  0    Dex: 12    Spells: 3 memorised, 3 levels left

rFire  . . .     SeeInvis +     t - +1 short sword (flame)
rCold  . . .     Gourm    .     b - +1 robe
rNeg   . . .     Faith    .     (no shield)
rPois  +         Spirit   .     s - +1 helmet
rElec  .         Reflect  .     (no cloak)
rCorr  +         Harm     .     (no gloves)
MR     .....                    (no barding)
Stlth  +++.......               (no amulet)
                                r - ring of resist corrosion
                                l - +4 ring of intelligence

@: drained, very slow
A: reduced essence, see invisible, deformed body, poison resistance, slowness 2,
slow metabolism 1, spit poison 1, AC +1
a: Spit Poison, Recall Ancestor, Ancestor Identity, Renounce Religion


You were on level 4 of the Dungeon.
You worshipped Hepliaklqana.
Hepliaklqana was aware of your devotion.
You were not hungry.

You visited 1 branch of the dungeon, and saw 4 of its levels.

You collected 292 gold pieces.


Innate Abilities, Weirdness & Mutations

You cannot wear boots.
Your serpentine skin is tough. (AC +1)
You have supernaturally acute eyesight. (SInv)
Armour fits poorly on your strangely shaped body.
Your system is resistant to poisons. (rPois)
You cover ground very slowly.
You have a slow metabolism.
You can spit poison.
Your life essence is reduced. (-10% HP)


   Skills:
 + Level 2.2(1.7) Fighting
 + Level 2.2(1.7) Short Blades
 + Level 2.2(1.8) Dodging
 + Level 5.3(4.9) Stealth
 + Level 2.6(2.2) Spellcasting
 + Level 3.7(3.2) Hexes


You had 3 spell levels left.
You knew the following spells:

 Your Spells              Type           Power        Failure   Level  Hunger
x - Confuse               Hex            ###.....     14%         3    ###....
z - Ensorcelled Hibernat  Hex/Ice        #.....       14%         2    ##.....
Z - Corona                Hex            ###....      4%          1    #......

Inventory:

Hand Weapons
 g - a +0 dagger of draining
 t - a +1 short sword of flaming (weapon)
Armour
 b - a +1 robe (worn)
 s - a +1 helmet (worn)
Jewellery
 l - a +4 ring of intelligence (left hand)
 r - a ring of resist corrosion (right hand)
Wands
 p - a wand of iceblast (10/15)
Scrolls
 e - 2 scrolls of remove curse
 h - a scroll of fog
 m - 2 scrolls of teleportation {@r4}
 n - a scroll of enchant armour
Potions
 i - 3 potions of might {unknown}
 j - 2 potions of curing {unknown}
 k - 2 potions of agility {unknown}
 o - a potion of berserk rage {unknown}
Books
 c - a book of Maledictions

   Spells                             Type                      Level
   a - Corona                         Hexes                        1
   b - Ensorcelled Hibernation        Hexes/Ice                    2
   c - Confuse                        Hexes                        3
   d - Tukima's Dance                 Hexes                        3
   e - Dazzling Spray                 Conjuration/Hexes            3
 q - a book of Cantrips

   Spells                             Type                      Level
   a - Confusing Touch                Hexes                        1
   b - Animate Skeleton               Necromancy                   1
   c - Summon Small Mammal            Summoning                    1
   d - Apportation                    Translocation                1
Comestibles
 a - a royal jelly
 d - 3 bread rations
 f - 2 meat rations
 u - 2 chunks of flesh

Dungeon Overview and Level Annotations

Branches:
Dungeon (4/15)
 Temple: D:4-7

Altars:
Hepliaklqana
Sif Muna

▒▒ .▒▒▒ ... >▒
▒▒▒▒▒▒▒▒▒▒▒▒▒ .▒
.......oN...▒ .▒ .
▒▒▒▒▒▒▒▒▒▒▒.▒▒▒▒▒▒▒▒
.▒ ▒..
▒...>........<.▒
.▒▒....
..▒▒▒▒▒.▒▒▒▒▒▒.▒
....... ▒.▒ .▒▒.▒..
▒.▒ .▒ ▒ ▒.▒ ▒.▒ .▒
▒ ▒.▒▒▒▒ ▒.▒ .▒▒.▒
▒....▒ ▒.▒


You could see an orc wizard (invisible).


Message History

The orc wizard misses you!
The orc wizard looks encouraged for a moment!
You closely miss the orc wizard!
The orc wizard is severely wounded!
The orc wizard hits you but does no damage!
The orc wizard hits you with a dagger! * * * don't die
* * * You barely miss the orc wizard!
The orc wizard is severely wounded!
The orc wizard completely misses you!
You barely miss the orc wizard!
The orc wizard is severely wounded!
The orc wizard points at you and mumbles some strange words!
The puff of flame hits you!!! * * * don't die
* * * The orc wizard mumbles some strange words!
You closely miss the orc wizard!
The orc wizard is severely wounded!
The orc wizard hits you with a dagger! * * * don't die
* * * You perforate the orc wizard like a sieve!
You burn the orc wizard!
You annihilate the orc wizard!!!
You closely miss the orc wizard!
The orc wizard hits you with a dagger! * * * don't die
* * *
Okay, then!
You barely miss the orc wizard! The orc wizard casts a spell at you!
The puff of flame hits you!!! rip

Action                   |  1- 3 |  4- 6 || total
-------------------------+-------+-------++-------
Melee: Dagger            |   182 |    35 ||   217
       Short sword       |       |    77 ||    77
Invok: Recall Ancestor   |       |     1 ||     1
       Ancestor Identity |       |     1 ||     1
  Use: Scroll            |       |     5 ||     5
 Stab: Sleeping          |     7 |     8 ||    15
       Distracted        |       |     1 ||     1
  Eat: Chunk             |     3 |     4 ||     7
Armor: Robe              |    64 |    43 ||   107
Dodge: Dodged            |   116 |    63 ||   179

Vault maps used:
D:1:      lightli_arrival_statue_moat, minmay_stone_trees_medium
D:2:      gammafunk_temple_overflow_elements, first_bread
D:3:      gup_sewer_entry_glass

Notes
Turn   | Place    | Note
-------+----------+-------------------------------------------
     0 | D:1      | Yakui the Naga Enchanter began the quest for the Orb.
     0 | D:1      | Reached XP level 1. HP: 15/15 MP: 3/3
   159 | D:1      | Reached skill level 1 in Fighting
   159 | D:1      | Reached XP level 2. HP: 12/25 MP: 5/5
   170 | D:1      | Learned a level 2 spell: Ensorcelled Hibernation
   935 | D:1      | Reached XP level 3. HP: 24/31 MP: 6/6
  1957 | D:2      | Reached skill level 5 in Stealth
  2254 | D:2      | Reached XP level 4. HP: 36/39 MP: 7/7
  2288 | D:2      | Found a hazy altar of Hepliaklqana.
  2288 | D:2      | Found a deep blue altar of Sif Muna.
  2297 | D:2      | Became a worshipper of Hepliaklqana the Forgotten
  2405 | D:3      | Learned a level 3 spell: Confuse
  3053 | D:3      | Reached skill level 2 in Dodging
  3395 | D:3      | Reached skill level 2 in Fighting
  3553 | D:4      | Reached * piety under Hepliaklqana
  3611 | D:4      | Reached XP level 5. HP: 40/40 MP: 8/8
  3753 | D:4      | Reached skill level 2 in Short Blades
  3874 | D:4      | HP: 2/40 [orc wizard/dagger (4)]
  3875 | D:4      | Killed from afar by an orc wizard

Vanquished Creatures
  An orc wizard (D:4)
  An adder (D:3)
  3 worms
  4 dart slugs
  5 leopard geckos
  3 orcs
  A ball python (D:4)
  10 bats
  5 giant cockroaches
  11 hobgoblins
  6 jackals
  4 kobolds
  8 frilled lizards
  11 goblins
  9 rats
82 creatures vanquished.

Vanquished Creatures (collateral kills)
  A hound (D:4)
  A jackal (D:3)
  2 bats (D:3)
4 creatures vanquished.

Vanquished Creatures (others)
  An ancestor (D:4)
1 creature vanquished.

Grand Total: 87 creatures vanquished
